 Dungeon Crawl Stone Soup version 0.17.1-3-g152610e (webtiles) character file.

517 Reasonance the Chopper (level 7, -7/61 HPs)
             Began as a Hill Orc Abyssal Knight on Apr 8, 2016.
             Was a Priest of Lugonu.
             Mangled by an ogre
             ... wielding a +0 giant club
              (16 damage)
             ... on level 4 of the Dungeon on Apr 9, 2016.
             The game lasted 00:35:11 (3597 turns).

Reasonance the Chopper (Hill Orc Abyssal Knight)    Turns: 3597, Time: 00:35:11

Health: -7/61      AC: 14    Str: 15    XL:     7   Next: 20%
Magic:  0/18       EV:  5    Int: 12    God:    Lugonu [***...]
Gold:   186        SH:  0    Dex: 12    Spells: 0 memorised, 6 levels left

rFire  . . .     SeeInvis .     a - +2 hand axe
rCold  . . .     Clarity  .     g - +0 plate armour
rNeg   . . .     SustAt   .     (no shield)
rPois  .         Gourm    .     w - +0 helmet
rElec  .         Spirit   +     k - +0 cloak
rCorr  .         Warding  .     (no gloves)
rMut   .         Stasis   .     (no boots)
MR     .....                    x - amulet of guardian spirit (curse)
Stlth  ..........               (no ring)
                                B - ring of magical power

@: not resistant to hostile enchantments, extremely unstealthy
A: no striking features
a: Depart the Abyss, Bend Space, Banish, Renounce Religion


You were on level 4 of the Dungeon.
You worshipped Lugonu.
Lugonu was most pleased with you.
You were hungry.

You visited 1 branch of the dungeon, and saw 4 of its levels.
You visited the Abyss 1 time.

You collected 186 gold pieces.

Inventory:

Hand Weapons
 a - a +2 hand axe (weapon)
 e - a +2 vampiric dagger
 t - a +1 antimagic whip
Missiles
 p - 4 tomahawks (quivered)
Armour
 b - a +0 leather armour
 g - a +0 plate armour (worn)
 k - a +0 cloak (worn)
 r - a +0 chain mail
 w - a +0 helmet (worn)
Jewellery
 x - a cursed amulet of guardian spirit (around neck)
 B - a ring of magical power (left hand)
 F - an uncursed amulet of guardian spirit
Scrolls
 h - a scroll of random uselessness {unknown}
 m - a scroll of remove curse
 o - a scroll of recharging {unknown}
 u - a scroll of amnesia {unknown}
 y - a scroll of immolation {unknown}
Potions
 d - a potion of degeneration {unknown}
 f - a potion of haste {unknown}
 l - a potion of resistance {unknown}
 n - a potion of cure mutation {unknown}
 q - a potion of curing {unknown}
 A - a potion of mutation {unknown}
 D - a potion of agility {unknown}
 E - a potion of lignification {unknown}
Comestibles
 c - 5 bread rations
 j - a beef jerky
 s - 3 slices of pizza
 v - 2 meat rations
 z - 4 fruits
 C - a royal jelly


   Skills:
 + Level 5.6 Fighting
 * Level 6.8 Axes
 - Level 0.3 Throwing
 + Level 4.4 Armour
 + Level 1.5 Dodging
 + Level 2.8 Invocations


You had 6 spell levels left.
You didn't know any spells.

Dungeon Overview and Level Annotations

Branches:
Dungeon (4/15)             Temple (0/1) D:4

Altars:
Kikubaaqudgha
Qazlal
Trog
Yredelemnul
Zin

Shops:
D:4 =

Annotations:
D:2 Sigmund


Message History

You hit the ogre.
The ogre is lightly wounded.
The ogre closely misses you.
Your plate armour prevents you from hitting the ogre.
The ogre is lightly wounded.
The walls and floor vibrate strangely for a moment.
The ogre hits you with a giant club!
You slash the ogre!
The ogre is moderately wounded.
You slash the ogre!
The ogre is severely wounded.
The ogre hits you with a giant club!
You slash the ogre!
The ogre is almost dead.
The ogre hits you with a giant club!
* * * LOW HITPOINT WARNING * * *
Okay, then.
Unknown command.
The ogre hits you with a giant club!!
You die...

....... #....# ..#......#....8
........ .#....... .#......#.....
..... ..+........ #......'....8
..... ..####.###. #......####..
#########....#'###########.....#8
........#....#...........#.....#.
........#....#...........#.....#.
......>.#....#...O.......#.....#.
........'....#..@%.......#!....#.
..#..##.#....##'########+#.....##
.######[##............. . .#
...#............. .#
#...+............. .#
##..#............. ##
###############.. .


You could see an ogre.

Vanquished Creatures
  An ice beast (D:4)
  A giant frog (D:3)
  A centaur zombie (D:3)
  A hound (D:4)
  3 orc wizards
  An orc priest (D:4)
  A worker ant (D:4)
  4 adders
  3 worms
  2 giant geckos
  12 orcs
  2 ball pythons (D:4)
  8 bats
  3 giant cockroaches
  5 hobgoblins
  13 jackals
  14 kobolds
  A giant gecko skeleton (D:4)
  2 giant newts (D:2)
  9 goblins
  6 rats
  A spectral orc (D:3)
94 creatures vanquished.

Notes
Turn   | Place    | Note
--------------------------------------------------------------
     0 | Abyss:1  | Reasonance the Hill Orc Abyssal Knight began the quest for the Orb.
     0 | Abyss:1  | Reached XP level 1. HP: 19/19 MP: 2/2
    22 | D:1      | Escaped the Abyss
   109 | D:1      | Reached skill level 4 in Fighting
   111 | D:1      | Reached XP level 2. HP: 10/27 MP: 3/3
   374 | D:1      | Reached * piety under Lugonu
   761 | D:2      | Reached XP level 3. HP: 34/34 MP: 5/5
  1030 | D:2      | Found an ancient bone altar of Kikubaaqudgha.
  1075 | D:2      | Found a glowing silver altar of Zin.
  1148 | D:2      | Reached skill level 1 in Dodging
  1320 | D:2      | Reached ** piety under Lugonu
  1406 | D:2      | Reached XP level 4. HP: 41/41 MP: 6/6
  1487 | D:2      | Noticed Sigmund
  2109 | D:3      | Reached XP level 5. HP: 43/47 MP: 7/7
  2189 | D:3      | Reached skill level 5 in Fighting
  2384 | D:3      | Found a bloodstained altar of Trog.
  2384 | D:3      | Found a stormy altar of Qazlal.
  2853 | D:3      | Found a basalt altar of Yredelemnul.
  2895 | D:4      | Reached skill level 5 in Axes
  2896 | D:4      | Reached XP level 6. HP: 56/56 MP: 8/8
  2988 | D:4      | Found Betud's Jewellery Boutique.
  2999 | D:4      | Reached *** piety under Lugonu
  3038 | D:4      | Noticed an ice beast
  3052 | D:4      | Killed an ice beast
  3052 | D:4      | Reached skill level 6 in Axes
  3075 | D:4      | Found a staircase to the Ecumenical Temple.
  3127 | D:4      | Reached XP level 7. HP: 57/61 MP: 9/9
  3585 | D:4      | Noticed an ogre
  3597 | D:4      | Mangled by an ogre

Action                   |  1- 3 |  4- 6 |  7- 9 || total
-------------------------+-------+-------+-------++-------
Melee: Hand axe          |   156 |   248 |    36 ||   440
Throw: Tomahawk          |       |     5 |       ||     5
Invok: Depart the Abyss  |     1 |       |       ||     1
  Use: Scroll            |       |     5 |       ||     5
  Eat: Chunk             |     2 |     6 |     1 ||     9
